3AAA
SALT LAKE CITY BUZZ @ ATHLETIC CLUB KC RESERVES
08/03/2038
 
TOP OF THE 1ST
Salt Lake City Buzz batting - Pitching for Athletic Club KC Reserves : RHP Bob Sosa
Pitching: RHP Bob Sosa
Batting: SHB Cheong-hun Kang 0-0: Ball
1-0: Ball
2-0: Ball
3-0: Base on Balls
Batting: RHB Hui-ying Sun 0-0: Ball
1-0: Ball
2-0: Ball
3-0: Base on Balls
Cheong-hun Kang to second
Batting: LHB Richello Mabait 0-0: Swinging Strike
0-1: Fly out, F7 (Flyball, 7S, EV 84.4 MPH)
Batting: LHB Jackson Curry 0-0: Called Strike
Cheong-hun Kang is caught stealing 3rd base 2-5
0-1: Ground out 6-3 (Groundball, 6MS, EV 75.6 MPH)
Top of the 1st over - 0 runs, 0 hits, 0 errors, 1 left on base; Salt Lake City 0 - Athletic Club KC 0
BOTTOM OF THE 1ST
Athletic Club KC Reserves batting - Pitching for Salt Lake City Buzz : RHP Guillermo Guerrero
Pitching: RHP Guillermo Guerrero
Batting: LHB Ty Tomblin 0-0: Called Strike
0-1: Ball
1-1: Ground out 6-3 (Groundball, 56, EV 108.8 MPH)
Batting: RHB Andrés Medina 0-0: Ball
1-0: Ball
2-0: Called Strike
2-1: Ball
3-1: Ground out 5-3 (Groundball, 56, EV 90.6 MPH)
Batting: LHB Scott Janousek 0-0: Called Strike
0-1: Swinging Strike
0-2: SINGLE (Groundball, 56S, EV 63.8 MPH) (infield hit)
Batting: LHB Jason Ward 0-0: Called Strike
0-1: Ball
1-1: Called Strike
1-2: Ball
2-2: Strikes out swinging
Bottom of the 1st over - 0 runs, 1 hit, 0 errors, 1 left on base; Salt Lake City 0 - Athletic Club KC 0
TOP OF THE 2ND
Salt Lake City Buzz batting - Pitching for Athletic Club KC Reserves : RHP Bob Sosa
Batting: RHB Scott Ramsey 0-0: Ball
1-0: Ball
2-0: Called Strike
2-1: Ball
3-1: Fly out, F8 (Flyball, 8LD, EV 98.8 MPH)
Batting: LHB Orlando Casillas 0-0: Swinging Strike
0-1: Swinging Strike
0-2: Fly out, F7 (Flyball, 78M, EV 83.1 MPH)
Batting: RHB Fytor Ceia 0-0: Called Strike
0-1: Ball
1-1: SOLO HOME RUN (Flyball, 78XD, EV 111.9 MPH), Distance : 431 ft
Batting: RHB Cody Jaeckel 0-0: Ball
1-0: Ball
2-0: Ball
3-0: Base on Balls
Batting: RHB Manyara Akintola 0-0: Swinging Strike
0-1: Swinging Strike
0-2: Ball
1-2: Ball
Cody Jaeckel steals 2nd base
2-2: Ball
3-2: Foul Ball, location: 2F
3-2: Foul Ball, location: 2F
3-2: Fly out, F4 (Line Drive, 4, EV 75.6 MPH)
Top of the 2nd over - 1 run, 1 hit, 0 errors, 1 left on base; Salt Lake City 1 - Athletic Club KC 0
BOTTOM OF THE 2ND
Athletic Club KC Reserves batting - Pitching for Salt Lake City Buzz : RHP Guillermo Guerrero
Batting: RHB Jihan Tuah 0-0: Ball
1-0: Ball
2-0: Ball
3-0: Called Strike
3-1: Called Strike
3-2: SOLO HOME RUN (Flyball, 89XD, EV 88.8 MPH), Distance : 382 ft
Batting: LHB Kwang-chih Feng 0-0: Ball
1-0: Ball
2-0: Swinging Strike
2-1: Fly out, F7 (Flyball, 7, EV 96.2 MPH)
Batting: RHB Travis Murphy 0-0: Ball
1-0: Ball
2-0: Called Strike
2-1: Foul Ball, location: 2F
2-2: Fly out, F7 (Line Drive, 7D, EV 96.2 MPH)
Batting: RHB Quinn Albracht 0-0: Called Strike
0-1: Foul Ball, location: 2F
0-2: Foul Ball, location: 2F
0-2: Strikes out looking
Bottom of the 2nd over - 1 run, 1 hit, 0 errors, 0 left on base; Salt Lake City 1 - Athletic Club KC 1
TOP OF THE 3RD
Salt Lake City Buzz batting - Pitching for Athletic Club KC Reserves : RHP Bob Sosa
Batting: SHB Cheong-hun Kang 0-0: Ground out 6-3 (Groundball, 6S, EV 77.5 MPH)
Batting: RHB Hui-ying Sun 0-0: Swinging Strike
0-1: Fly out, F7 (Line Drive, 7, EV 103.8 MPH)
Batting: LHB Richello Mabait 0-0: Ball
1-0: Called Strike
1-1: Swinging Strike
1-2: Ball
2-2: Ball
3-2: Fly out, F5 (Popup, 5SF, EV 86.2 MPH)
Top of the 3rd over - 0 runs, 0 hits, 0 errors, 0 left on base; Salt Lake City 1 - Athletic Club KC 1
BOTTOM OF THE 3RD
Athletic Club KC Reserves batting - Pitching for Salt Lake City Buzz : RHP Guillermo Guerrero
Batting: RHB Jimmy Chandler 0-0: Called Strike
0-1: Swinging Strike
0-2: Ball
1-2: Ball
2-2: Foul Ball, location: 2F
2-2: Foul Ball, location: 2F
2-2: Strikes out swinging
Batting: LHB Ty Tomblin 0-0: Ball
1-0: Ball
2-0: Ground out 5-3 (Groundball, 56S, EV 85.0 MPH)
Batting: RHB Andrés Medina 0-0: Swinging Strike
0-1: Ball
1-1: Fly out, F8 (Flyball, 8RXD, EV 100.0 MPH)
Bottom of the 3rd over - 0 runs, 0 hits, 0 errors, 0 left on base; Salt Lake City 1 - Athletic Club KC 1
TOP OF THE 4TH
Salt Lake City Buzz batting - Pitching for Athletic Club KC Reserves : RHP Bob Sosa
Batting: LHB Jackson Curry 0-0: Foul Ball, location: 2F
0-1: Fly out, F5 (Line Drive, 5, EV 66.9 MPH)
Batting: RHB Scott Ramsey 0-0: Swinging Strike
0-1: Foul Ball, location: 2F
0-2: Foul Ball, location: 2F
0-2: Ball
1-2: Foul Ball, location: 2F
1-2: Ball
2-2: Ball
3-2: Strikes out swinging, 2-3 out at first.
Batting: LHB Orlando Casillas 0-0: Ball
1-0: Ball
2-0: Foul Ball, location: 2F
2-1: Ball
3-1: Called Strike
3-2: Base on Balls
Batting: RHB Fytor Ceia 0-0: Foul Ball, location: 2F
0-1: Ball
Wild Pitch!
Orlando Casillas to second
1-1: Foul Ball, location: 2F
1-2: Ground out 6-3 (Groundball, 6, EV 100.6 MPH)
Top of the 4th over - 0 runs, 0 hits, 0 errors, 1 left on base; Salt Lake City 1 - Athletic Club KC 1
BOTTOM OF THE 4TH
Athletic Club KC Reserves batting - Pitching for Salt Lake City Buzz : RHP Guillermo Guerrero
Batting: LHB Scott Janousek 0-0: Ball
1-0: Ball
2-0: Ball
3-0: Base on Balls
Batting: LHB Jason Ward 0-0: Ball
1-0: Ball
2-0: Swinging Strike
2-1: Foul Ball, location: 2F
2-2: Strikes out swinging
Batting: RHB Jihan Tuah 0-0: Grounds into double play, 1-6-3 (Groundball, 34S, EV 66.2 MPH)
Bottom of the 4th over - 0 runs, 0 hits, 0 errors, 0 left on base; Salt Lake City 1 - Athletic Club KC 1
TOP OF THE 5TH
Salt Lake City Buzz batting - Pitching for Athletic Club KC Reserves : RHP Bob Sosa
Batting: RHB Cody Jaeckel 0-0: Ball
1-0: Ground out 6-3 (Groundball, 6, EV 98.8 MPH)
Batting: RHB Manyara Akintola 0-0: Ball
1-0: Called Strike
1-1: Swinging Strike
1-2: Strikes out swinging
Batting: SHB Cheong-hun Kang 0-0: Called Strike
0-1: Ball
1-1: SINGLE (Groundball, 34D, EV 95.0 MPH)
Batting: RHB Hui-ying Sun 0-0: Ball
Cheong-hun Kang steals 2nd base
1-0: SINGLE (Groundball, 6MD, EV 99.4 MPH)
Cheong-hun Kang to third
Runner from 3rd tries for Home, SAFE, throw by CF to home
Batting: LHB Richello Mabait 0-0: Ball
1-0: Foul Ball, location: 2F
1-1: Fly out, F9 (Line Drive, 9, EV 96.2 MPH)
Top of the 5th over - 1 run, 2 hits, 0 errors, 1 left on base; Salt Lake City 2 - Athletic Club KC 1
BOTTOM OF THE 5TH
Athletic Club KC Reserves batting - Pitching for Salt Lake City Buzz : RHP Guillermo Guerrero
Batting: LHB Kwang-chih Feng 0-0: Ball
1-0: Called Strike
1-1: Swinging Strike
1-2: Fly out, F7 (Flyball, 7LS, EV 92.5 MPH)
Batting: RHB Travis Murphy 0-0: Ball
1-0: Called Strike
1-1: Foul Ball, location: 2F
1-2: Ball
2-2: Strikes out swinging
Batting: RHB Quinn Albracht 0-0: Ball
1-0: Called Strike
1-1: Foul Ball, location: 2F
1-2: Strikes out looking
Bottom of the 5th over - 0 runs, 0 hits, 0 errors, 0 left on base; Salt Lake City 2 - Athletic Club KC 1
TOP OF THE 6TH
Salt Lake City Buzz batting - Pitching for Athletic Club KC Reserves : RHP Bob Sosa
Batting: LHB Jackson Curry 0-0: Fly out, F5 (Line Drive, 5, EV 76.9 MPH)
Batting: RHB Scott Ramsey 0-0: Called Strike
0-1: Called Strike
0-2: Ball
1-2: Ball
2-2: Foul Ball, location: 2F
2-2: Foul Ball, location: 2F
2-2: Foul Ball, location: 2F
2-2: Foul Ball, location: 2F
2-2: Ball
3-2: Foul Ball, location: 2F
3-2: Fly out, F8 (Flyball, 8LD, EV 96.2 MPH)
Batting: LHB Orlando Casillas 0-0: Ball
1-0: Ball
2-0: Swinging Strike
2-1: Ball
3-1: Base on Balls
Batting: RHB Fytor Ceia 0-0: Ball
1-0: Ball
Orlando Casillas steals 2nd base
2-0: Foul Ball, location: 2F
2-1: Ball
3-1: SINGLE (Line Drive, 5D, EV 104.4 MPH)
Orlando Casillas to third
Runner from 3rd tries for Home, SAFE, no throw by LF
Batting: RHB Cody Jaeckel 0-0: Ball
1-0: Ball
2-0: Ball
3-0: Called Strike
3-1: Swinging Strike
3-2: Foul Ball, location: 2F
3-2: Ground out 6-3 (Groundball, 6MS, EV 93.1 MPH)
Top of the 6th over - 1 run, 1 hit, 0 errors, 1 left on base; Salt Lake City 3 - Athletic Club KC 1
BOTTOM OF THE 6TH
Athletic Club KC Reserves batting - Pitching for Salt Lake City Buzz : RHP Guillermo Guerrero
Batting: RHB Jimmy Chandler 0-0: Ball
1-0: Called Strike
1-1: Ground out 6-3 (Groundball, 6, EV 89.4 MPH)
Batting: LHB Ty Tomblin 0-0: Ground out 5-3 (Groundball, 5S, EV 66.9 MPH)
Batting: RHB Andrés Medina 0-0: Ball
1-0: Foul Ball, location: 2F
1-1: Ball
2-1: Foul Ball, location: 2F
2-2: Foul Ball, location: 2F
2-2: Ball
3-2: SOLO HOME RUN (Flyball, 78XD, EV 104.4 MPH), Distance : 374 ft
Batting: LHB Scott Janousek 0-0: Ball
1-0: Called Strike
1-1: Ball
2-1: Foul Ball, location: 2F
2-2: Foul Ball, location: 2F
2-2: Ball
3-2: Foul Ball, location: 2F
3-2: Base on Balls
Batting: LHB Jason Ward 0-0: Ball
1-0: Ball
2-0: Called Strike
2-1: Called Strike
2-2: Ball
3-2: Foul Ball, location: 2F
3-2: SINGLE (Groundball, 34D, EV 95.0 MPH)
Scott Janousek to second
Scott Janousek to third
Batting: RHB Jihan Tuah 0-0: Ball
1-0: Ball
2-0: Swinging Strike
2-1: Ball
3-1: Foul Ball, location: 2F
3-2: Ground out 1-3 (Groundball, 23, EV 77.5 MPH)
Bottom of the 6th over - 1 run, 2 hits, 0 errors, 2 left on base; Salt Lake City 3 - Athletic Club KC 2
TOP OF THE 7TH
Salt Lake City Buzz batting - Pitching for Athletic Club KC Reserves : RHP Bob Sosa
Pitching: LHP Francisco González
Batting: RHB Manyara Akintola 0-0: Ball
1-0: Ball
2-0: Ground out 4-3 (Groundball, 4M, EV 105.0 MPH)
Batting: SHB Cheong-hun Kang 0-0: Foul Ball, location: 2F
0-1: Fly out, F8 (Line Drive, 8RM, EV 99.4 MPH)
Batting: RHB Hui-ying Sun 0-0: Called Strike
0-1: Ball
1-1: Ball
2-1: Ball
3-1: Base on Balls
Batting: LHB Richello Mabait 0-0: Ball
1-0: Called Strike
1-1: Ball
2-1: Ball
Hui-ying Sun is caught stealing 2nd base 2-6
Top of the 7th over - 0 runs, 0 hits, 0 errors, 0 left on base; Salt Lake City 3 - Athletic Club KC 2
BOTTOM OF THE 7TH
Athletic Club KC Reserves batting - Pitching for Salt Lake City Buzz : RHP Guillermo Guerrero
Batting: LHB Kwang-chih Feng 0-0: Ground out 3-1 (Groundball, 3S, EV 71.2 MPH)
Batting: RHB Travis Murphy 0-0: Ball
1-0: SINGLE (Line Drive, 78S, EV 111.2 MPH)
Pitching: LHP Tony Smehrik
Pinch Hitting: RHB António Pérez 0-0: Ball
1-0: Ball
2-0: SINGLE (Line Drive, 7S, EV 95.0 MPH)
Travis Murphy to second
Batting: RHB Jimmy Chandler 0-0: Called Strike
0-1: Foul Ball, location: 2F
0-2: Grounds into double play, 4-6-3 (Groundball, 4, EV 99.4 MPH)
Bottom of the 7th over - 0 runs, 2 hits, 0 errors, 1 left on base; Salt Lake City 3 - Athletic Club KC 2
TOP OF THE 8TH
Salt Lake City Buzz batting - Pitching for Athletic Club KC Reserves : LHP Francisco González
Now at 2B: António Pérez
Batting: LHB Richello Mabait 0-0: Called Strike
0-1: Called Strike
0-2: Ball
1-2: Ball
2-2: Foul Ball, location: 2F
2-2: Foul Ball, location: 2F
2-2: Ground out 6-3 (Groundball, 56, EV 99.4 MPH)
Batting: LHB Jackson Curry 0-0: Ball
1-0: Ground out 5-3 (Groundball, 5, EV 80.6 MPH)
Batting: RHB Scott Ramsey 0-0: Fly out, F7 (Line Drive, 7, EV 85.0 MPH)
Top of the 8th over - 0 runs, 0 hits, 0 errors, 0 left on base; Salt Lake City 3 - Athletic Club KC 2
BOTTOM OF THE 8TH
Athletic Club KC Reserves batting - Pitching for Salt Lake City Buzz : LHP Tony Smehrik
Batting: LHB Ty Tomblin 0-0: Ball
1-0: Foul Ball, location: 2F
1-1: Fly out, F7 (Flyball, 7S, EV 88.1 MPH)
Batting: RHB Andrés Medina 0-0: Ball
1-0: Ball
2-0: Called Strike
2-1: Ground out 6-3 (Groundball, 6, EV 100.6 MPH)
Batting: LHB Scott Janousek 0-0: Ball
1-0: Ball
2-0: Ball
3-0: Base on Balls
Pinch Hitting: RHB Pierre Bernard 0-0: Foul Ball, location: 2F
0-1: Foul Ball, location: 2F
0-2: Ball
1-2: Ball
2-2: Fly out, F7 (Flyball, 7S, EV 83.8 MPH)
Bottom of the 8th over - 0 runs, 0 hits, 0 errors, 1 left on base; Salt Lake City 3 - Athletic Club KC 2
TOP OF THE 9TH
Salt Lake City Buzz batting - Pitching for Athletic Club KC Reserves : LHP Francisco González
Now in LF: Pierre Bernard
Batting: LHB Orlando Casillas 0-0: Called Strike
0-1: Called Strike
0-2: Foul Ball, location: 2F
0-2: Ball
1-2: Fly out, F4 (Line Drive, 4, EV 70.0 MPH)
Batting: RHB Fytor Ceia 0-0: Foul Ball, location: 2F
0-1: Ball
1-1: Foul Ball, location: 2F
1-2: Ball
2-2: Fly out, F8 (Line Drive, 8RM, EV 93.8 MPH)
Batting: RHB Cody Jaeckel 0-0: Swinging Strike
0-1: Foul Ball, location: 2F
0-2: Ball
1-2: Ball
2-2: Strikes out swinging
Top of the 9th over - 0 runs, 0 hits, 0 errors, 0 left on base; Salt Lake City 3 - Athletic Club KC 2
BOTTOM OF THE 9TH
Athletic Club KC Reserves batting - Pitching for Salt Lake City Buzz : LHP Tony Smehrik
Pitching: RHP Chris Holmes
Now at SS: Júlio Madrid
Batting: RHB Jihan Tuah 0-0: Foul Ball, location: 2F
0-1: Ball
1-1: Ground out 6-3 (Groundball, 4M, EV 90.0 MPH)
Batting: LHB Kwang-chih Feng 0-0: Called Strike
0-1: Ball
1-1: Foul Ball, location: 2F
1-2: Ground out 6-3 (Groundball, 6S, EV 79.4 MPH)
Batting: RHB Travis Murphy 0-0: Ground out 4-3 (Groundball, 4, EV 88.8 MPH)
Bottom of the 9th over - 0 runs, 0 hits, 0 errors, 0 left on base; Salt Lake City 3 - Athletic Club KC 2
Friday, April 17th, 2020 - OOTP Baseball 20.8 Build 74